 Dungeon Crawl Stone Soup version 0.25-a0-435-g4b9beb1 (webtiles) character file.

Game seed: 5489979328381294037, levelgen mode: deterministic

93 Ayyar the Sneak (level 4, 0/30 HPs)
             Began as an Octopode Assassin on Jan 27, 2020.
             Succumbed to Sigmund's poison
             ... on level 3 of the Dungeon.
             The game lasted 00:06:34 (1865 turns).

Ayyar the Sneak (Octopode Assassin)                 Turns: 1865, Time: 00:06:35

Health: 0/30       AC:  1    Str: 11    XL:     4   Next: 61%
Magic:  4/4        EV: 13    Int: 13    God:
Gold:   79         SH:  0    Dex: 13    Spells: 3/3 levels left

rFire    . . .     SeeInvis .   a - +2 dagger
rCold    . . .     Gourm    .   (no shield)
rNeg     . . .     Faith    .   (helmet restricted)
rPois    .         Spirit   .   (no amulet)
rElec    .         Reflect  .   k - ring of flight
rCorr    .         Harm     .   (no ring)
MR       .....                  (no ring)
Stlth    ++++......             (no ring)
HPRegen  0.10/turn              (no ring)
MPRegen  0.09/turn              (no ring)
                                (no ring)
                                (no ring)

@: lethally poisoned (0 -> -18)
A: almost no armour, stealthy swim, amphibious, 8 rings, constrict 8, camouflage
1, gelatinous body 1
a: Evoke Flight


You were on level 3 of the Dungeon.
You were not hungry.

You visited 1 branch of the dungeon, and saw 3 of its levels.

You collected 79 gold pieces.

Inventory:

Hand Weapons
 a - a +2 dagger (weapon)
Missiles
 b - 3 poisoned darts (quivered)
Jewellery
 k - a ring of flight (left tentacle)
Scrolls
 e - a scroll of random uselessness {unknown}
 i - 2 scrolls of teleportation {unknown}
 j - 2 scrolls of remove curse {unknown}
 l - a scroll of fear {unknown}
 m - 2 scrolls of enchant weapon {unknown}
 o - a scroll of magic mapping {unknown}
 p - a scroll of blinking {unknown}
 q - 3 scrolls of fog {unknown}
Potions
 g - a potion of invisibility {unknown}
 h - a potion of mutation {unknown}
 n - a potion of heal wounds {unknown}
 r - a potion of degeneration {unknown}
 s - a potion of curing
Comestibles
 d - 7 rations
 f - 8 chunks of flesh


   Skills:
 + Level 2.5 Fighting
 + Level 2.6 Short Blades
 + Level 2.6 Throwing
 + Level 1.9 Dodging
 * Level 6.3 Stealth


You had 3 spell levels left.
You didn't know any spells.
Your spell library was empty.

Dungeon Overview and Level Annotations

Branches:
Dungeon (3/15)

Altars:
Cheibriados

Annotations:
D:3 Sigmund


Innate Abilities, Weirdness & Mutations

You cannot wear most types of armour.
You are very stealthy in the water. (Stealth+)
You are amphibious.
You can wear up to eight rings at the same time.
You can use your tentacles to constrict eight enemies at once.
Your skin changes colour to match your surroundings (Stealth+).
Your rubbery body absorbs attacks. (AC +1, EV +1)


Message History

The hobgoblin completely misses you.
You hit the hobgoblin.
You kill the hobgoblin!
You hit Sigmund. You grab Sigmund.
Sigmund is lightly wounded.
You constrict Sigmund, but do no damage.
Sigmund hits you with a +5 scythe of venom!
Ouch! That really hurt!
* * * LOW HITPOINT WARNING * * *
You are lethally poisoned!
You are too injured to fight recklessly!
You hit Sigmund.
Sigmund is moderately wounded.
You constrict Sigmund.
* * * LOW HITPOINT WARNING * * *
You feel sick.
You hit Sigmund but do no damage.
Sigmund is moderately wounded.
You constrict Sigmund.
You die...

#.<....#.....###...##..≈≈.≈≈
##.#...####.####.#..#..≈≈≈≈≈
#.#...# #.##..<##...#.≈≈≈#
.......# ##.#.######..#####
.#.. ..##)##.# #..÷..### #.
#. ##.##..#####.##...#. #.
.# ##_##..>.##.#...... .. ..
##.####.#......... ##@##
#........... #@##
###.#....... ##(# #<#.......
#.# #.###..... .@# #.#
##.#.≈ ...# ..# #.#.≈ ....#
.## # #.≈ .....# ..≈ ......#


You could see Sigmund.

Vanquished Creatures
  2 adders (D:2)
  2 worms (D:2)
  6 dart slugs
  A leopard gecko (D:3)
  3 giant cockroaches
  8 goblins
  8 hobgoblins
  3 jackals (D:2)
  5 bats
  2 frilled lizards
  12 kobolds
  5 rats
57 creatures vanquished.

Notes
Turn   | Place    | Note
-------+----------+-------------------------------------------
     0 | D:1      | Ayyar the Octopode Assassin began the quest for the Orb.
     0 | D:1      | Reached XP level 1. HP: 14/14 MP: 1/1
    57 | D:1      | Reached XP level 2. HP: 13/19 MP: 2/2
   490 | D:1      | You fall into a shaft and drop 1 floor!
   512 | D:2      | Reached XP level 3. HP: 23/24 MP: 3/3
   665 | D:1      | Reached skill level 6 in Stealth
  1033 | D:1      | Reached XP level 4. HP: 30/30 MP: 4/4
  1791 | D:3      | Found a snail-covered altar of Cheibriados.
  1841 | D:3      | Found a faded altar of an unknown god.
  1846 | D:3      | Noticed Sigmund
  1864 | D:3      | HP: 1/30 [poisoned by Sigmund]
  1865 | D:3      | Succumbed to Sigmund's poison

Levels and vault maps discovered:
D:1:      lemuel_arrival_tunnels, layout_loops_corners, serial_bayou_pond_d,
          chequers_serial_rivers_large_a, minivault_14
D:2:      layout_basic
D:3:      layout_rooms, kennysheep_slug_shrine, gup_sewer_entry_bowl,
          chequers_ecumenical_altar_twisty, gammafunk_ghost_gnarly_gnolls,
          uniq_sigmund

Skill      XL: |  1  2  3 |
---------------+----------+-----
Stealth        | 6 |  6.3
Fighting       | |  2.5
Short Blades   | |  2.6
Throwing       | |  2.6
Dodging        | |  1.9

Action                   |  1- 3 |  4- 6 || total
-------------------------+-------+-------++-------
Melee: Dagger            |    65 |    33 ||    98
       Constrict         |    17 |     7 ||    24
       Tentacles         |     9 |     4 ||    13
Throw: Dart              |       |     7 ||     7
  Use: Potion            |       |     1 ||     1
 Stab: Sleeping          |    12 |     9 ||    21
  Eat: Ration            |       |     1 ||     1
Armor: Skin              |     1 |       ||     1
Dodge: Dodged            |    29 |    23 ||    52

Table legend:
 A = Non-vault XP
 B = Vault XP
 C = Vault XP percentage of total XP
 D = Non-vault monster count
 E = Vault monster count
 F = Vault count percentage of total count
                 A         B        C        D         E       F
            +---------+---------+-------+---------+---------+-------
      Total |     129 |       4 |   3.0 |      56 |       1 |   1.8
            +---------+---------+-------+---------+---------+-------
        D:1 |      41 |       0 |   0.0 |      23 |       0 |   0.0
        D:2 |      75 |       0 |   0.0 |      28 |       0 |   0.0
        D:3 |      13 |       4 |  23.5 |       5 |       1 |  16.7
            +---------+---------+-------+---------+---------+-------
